Map: Hard Lead LE

Players

LiquidClem (Clem) - Winner!

  • Race: Terran Terran
  • League: Grandmaster
  • Spawn Location: 11:00

DKZherO (herO)

  • Race: Protoss Protoss
  • Spawn Location: 5:00

VOD

Have the link to the VOD?

Description

Time

  • Played on: Oct. 23, 2023, 7:55 p.m.
  • Length: 19:22
Show
View Real Time Build Order
Export as new Build Order

LiquidClem Terran - Winner!

Build Orders:  

Get SALT Encoding   

  12  0:00  SCV  
  13  0:12  SCV  
  14  0:17  Supply Depot  
  14  0:24  SCV  
  15  0:38  SCV  
  15  0:39  Barracks  
  16  0:43  Refinery  
  16  0:50  SCV  
  16  0:54  Refinery  
  17  1:03  SCV  
  18  1:15  SCV  
  19  1:26  Reaper  
  19  1:27  Orbital Command  
  19  1:28  Supply Depot  
  20  1:41  Factory  
  20  1:52  SCV  
  21  1:59  Reaper  
  22  2:04  SCV  
  23  2:15  Command Center  
  23  2:17  SCV  
  24  2:25  Hellion  
  24  2:29  SCV  
  27  2:31  Reaper  
  27  2:35  Supply Depot  
  28  2:41  Starport  
  28  2:43  SCV  
  29  2:48  Hellion  
  31  2:56  SCV  
  32  3:04  Barracks Reactor  
  32  3:08  SCV  
  32  3:09  Cyclone  
  35  3:21  Viking, SCV  
  35  3:27  Orbital Command  
  36  3:33  SCV  
  37  3:34  Barracks  
  37  3:42  Marine x2  
  37  3:43  Cyclone  
  37  3:45  SCV  
  41  3:52  SCV  
  42  3:57  Starport Tech Lab, SCV  
  42  3:58  Supply Depot  
  42  4:02  Marine x2  
  45  4:04  SCV  
  47  4:10  SCV  
  47  4:11  Barracks  
  47  4:16  SCV  
  48  4:20  Marine x2, Engineering Bay  
  48  4:22  SCV  
  51  4:28  SCV, Marine  
  51  4:29  Stimpack  
  53  4:32  Supply Depot  
  53  4:34  SCV  
  53  4:36  Factory Tech Lab, Refinery  
  54  4:40  Marine x2  
  54  4:41  SCV  
  57  4:46  SCV  
  57  4:50  Terran Infantry Weapons Level 1  
  57  4:51  Supply Depot  
  57  4:52  Marauder  
  58  4:55  Bunker  
  58  4:56  SCV  
  58  4:58  SCV  
  60  5:04  Supply Depot  
  60  5:05  Marine  
  60  5:06  Marine  
  62  5:07  Combat Shield  
  62  5:08  SCV  
  62  5:09  Marauder  
  62  5:11  SCV  
  62  5:13  Factory Reactor  
  66  5:14  Starport Reactor  
  66  5:17  Marauder  
  66  5:20  SCV  
  69  5:22  Refinery  
  69  5:23  SCV  
  69  5:24  Marine x2  
  72  5:32  SCV  
  72  5:33  Supply Depot  
  73  5:35  SCV  
  73  5:37  Marauder  
  73  5:39  Marauder  
  73  5:42  Marine x2  
  78  5:44  Missile Turret  
  78  5:46  Missile Turret  
  78  5:51  Medivac x2  
  78  5:52  Widow Mine  
  78  5:55  Supply Depot  
  84  5:59  Marine x2  
  84  6:00  Marauder  
  84  6:01  Widow Mine  
  90  6:07  Marauder  
  90  6:09  Concussive Shells  
  92  6:13  Widow Mine  
  92  6:14  Supply Depot  
  92  6:17  Marine x2  
  96  6:25  Medivac x2  
  98  6:26  Widow Mine  
  98  6:30  Marauder  
  102  6:36  Marauder  
  104  6:42  Command Center, Widow Mine  
  104  6:44  Supply Depot  
  104  6:45  Marine x2  
  108  6:47  Widow Mine  
  108  6:50  Marine  
  108  6:52  Terran Infantry Armor Level 1  
  108  6:59  Barracks x2  
  108  7:01  SCV x2  
  110  7:06  Medivac  
  110  7:07  Supply Depot  
  112  7:09  Medivac  
  112  7:10  Widow Mine  
  112  7:11  Marine  
  112  7:13  SCV  
  118  7:19  Supply Depot  
  118  7:20  SCV  
  118  7:25  SCV, Marine  
  118  7:27  Marauder  
  120  7:31  Widow Mine x2  
  120  7:32  SCV  
  118  7:37  SCV, Marine  
  118  7:39  Marauder  
  118  7:42  Viking  
  124  7:44  SCV  
  124  7:48  Barracks Reactor, Barracks Tech Lab  
  124  7:49  Marine  
  124  7:50  SCV  
  127  7:56  SCV  
  122  7:59  Widow Mine x2  
  122  8:00  Medivac  
  122  8:04  Marine  
  122  8:05  SCV  
  120  8:08  SCV  
  120  8:11  Marauder  
  120  8:12  Medivac  
  118  8:14  Marine, Marauder  
  118  8:17  SCV  
  118  8:19  Marauder  
  113  8:23  Widow Mine  
  113  8:24  Widow Mine  
  109  8:29  Marine  
  109  8:30  Marine x2  
  109  8:32  SCV  
  109  8:33  Marine  
  104  8:37  Marauder x2  
  104  8:41  Marauder  
  103  8:47  Marine, Widow Mine x2  
  107  8:49  Medivac  
  107  8:51  Marine x3  
  112  8:59  Marauder  
  112  9:00  Armory  
  112  9:01  Medivac  
  116  9:04  Marauder  
  116  9:07  Marauder  
  120  9:11  Orbital Command  
  120  9:16  Widow Mine  
  124  9:17  Widow Mine  
  124  9:19  Marine x3  
  124  9:21  Marauder  
  124  9:22  Medivac  
  131  9:26  Marine  
  131  9:28  Orbital Command, Marauder  
  131  9:30  Supply Depot  
  134  9:34  Marauder  
  134  9:37  Medivac  
  132  9:38  Supply Depot  
  132  9:39  SCV x2  
  132  9:44  Marine, Ghost Academy  
  135  9:51  SCV  
  135  9:52  Medivac, Widow Mine x2  
  140  9:53  Marauder  
  140  9:56  SCV  
  140  9:57  SCV  
  146  10:03  SCV  
  146  10:07  Viking  
  147  10:08  SCV  
  147  10:10  Refinery x2  
  148  10:15  Terran Infantry Armor Level 2  
  148  10:17  Marine x2  
  148  10:18  Marine x2  
  148  10:19  Marauder  
  148  10:20  Marine  
  153  10:22  Viking  
  153  10:23  Widow Mine  
  153  10:24  Bunker  
  153  10:27  Marine, Supply Depot  
  157  10:29  Widow Mine  
  157  10:34  Marine  
  160  10:36  Engineering Bay  
  160  10:37  Marine x3  
  160  10:40  Viking  
  165  10:46  Ghost  
  167  10:51  Command Center  
  167  10:54  Marauder  
  167  10:56  Marauder  
  169  10:59  Viking  
  171  11:10  Viking  
  173  11:15  Terran Infantry Weapons Level 2, Marauder  
  172  11:22  Marine, Marauder x2  
  172  11:23  Marine  
  178  11:29  Marine, Widow Mine  
  180  11:39  Marine  
  181  11:43  Viking, Marauder, Supply Depot  
  181  11:44  Supply Depot  
  181  11:45  Viking, Marauder  
  181  11:46  Marauder  
  187  11:54  Marine  
  187  11:57  Sensor Tower, Marine  
  189  12:03  Marine  
  189  12:07  SCV, Starport  
  189  12:08  Barracks, SCV x2  
  191  12:12  Barracks  
  191  12:13  Viking  
  191  12:15  Viking  
  195  12:18  Ghost  
  195  12:22  Ghost  
  197  12:26  SCV  
  200  12:30  Planetary Fortress  
  200  12:32  Refinery  
  200  12:33  Refinery  
  200  12:43  Medivac  
  198  12:45  Medivac  
  198  12:48  Marauder  
  198  12:49  Marauder  
  194  12:52  Marine, Marauder  
  194  12:53  Medivac  
  194  12:55  Marine  
  193  13:02  Medivac  
  193  13:05  Marine x2  
  171  13:06  Barracks Tech Lab, Marine  
  171  13:10  Marauder, Marine  
  171  13:11  Marauder  
  172  13:13  Marauder  
  174  13:20  Marine  
  175  13:27  Marauder  
  175  13:31  Marauder  
  175  13:32  Marauder, Marine x2  
  157  13:34  Marauder, Marine x2  
  160  13:42  Orbital Command  
  160  13:44  Marine  
  160  13:48  Marauder  
  160  13:52  Ghost  
  148  13:56  Marauder  
  148  13:59  Marine  
  150  14:10  Marauder  
  150  14:17  Marauder  
  150  14:21  Marauder  
  150  14:23  Orbital Command  
  154  14:30  Ghost  
  156  14:38  Ghost  
  154  14:41  Marine  
  154  14:42  Marauder, Marine  
  154  14:45  Marine  
  153  14:52  Marine  
  154  14:54  Marine  
  154  14:55  Marine  
  154  14:59  Ghost  
  157  15:01  Marine x2  
  157  15:03  Marine  
  157  15:04  Marauder  
  157  15:07  Marine  
  155  15:10  Marine  
  155  15:12  Marine  
  158  15:14  Widow Mine  
  158  15:16  Marine  
  158  15:20  Marine x2  
  163  15:24  Ghost  
  163  15:25  Marauder  
  165  15:28  Marauder  
  165  15:31  Orbital Command  
  163  15:36  Widow Mine  
  163  15:39  Marine  
  122  15:44  Marine x2  
  122  15:46  Ghost  
  122  15:49  Ghost, Marine  
  110  15:50  Marine  
  110  15:51  Marine  
  110  15:53  Marauder  
  110  15:54  Terran Infantry Weapons Level 3  
  107  15:57  Marine  
  101  16:04  Marine  
  101  16:06  Marine  
  101  16:08  Marine x2  
  105  16:11  Marine  
  105  16:15  Marauder x2, Marine  
  105  16:17  Ghost  
  113  16:22  Marine  
  113  16:24  Marine  
  115  16:32  SCV x3  
  118  16:34  SCV  
  118  16:36  Marauder  
  118  16:37  Marauder  
  123  16:40  Barracks Tech Lab  
  123  16:44  SCV x2  
  123  16:46  Widow Mine  
  123  16:47  Widow Mine, Marauder  
  131  16:48  Marine  
  132  16:56  Marine  
  132  16:57  Ghost, Marine  
  132  16:58  Marauder  
  138  17:07  Widow Mine  
  138  17:08  Widow Mine, Marauder  
  142  17:10  Marine  
  142  17:11  Marine  
  142  17:12  Marine  
  142  17:14  Marine  
  145  17:18  Marine  
  145  17:19  Marauder  
  147  17:26  Marauder  
  147  17:29  Marauder  
  148  17:31  Viking  
  150  17:38  SCV  
  150  17:39  SCV  
  150  17:41  SCV, Marauder  
  155  17:46  Viking  
  155  17:47  Marauder  
  155  17:51  Marauder, SCV x2, Refinery x2  
  163  17:58  Viking  
  165  17:59  Orbital Command  
  165  18:02  Marauder  
  167  18:06  SCV  
  167  18:08  SCV  
  167  18:09  Marauder  
  167  18:11  SCV  
  167  18:12  Marauder  
  174  18:15  Marine  
  174  18:22  Viking, Marine  
  174  18:23  Marauder, Marine  
  178  18:30  Viking, Marauder  
  178  18:32  Marine  
  178  18:33  Marauder  
  184  18:40  Medivac  
  182  18:43  Medivac  
  182  18:45  Marauder  
  185  18:52  Marauder  
  176  18:57  Marine, Marauder  
  176  19:00  Marine x2  
  150  19:03  Marine  
  150  19:09  SCV  
Show
View Real Time Build Order
Export as new Build Order

DKZherO Protoss 

Build Orders: 1 Gate Expand, Oracle Opening, Phoenix Opening, Zealot Archon 

Get SALT Encoding   

  12  0:00  Probe  
  13  0:12  Probe  
  14  0:17  Pylon  
  14  0:24  Probe  
  15  0:36  Gateway  
  15  0:37  Probe (Chrono Boost)  
  16  0:43  Assimilator  
  16  0:49  Probe (Chrono Boost)  
  17  0:54  Probe (Chrono Boost)  
  18  1:03  Probe  
  19  1:15  Probe  
  20  1:23  Cybernetics Core  
  20  1:31  Nexus  
  20  1:38  Pylon  
  20  1:41  Probe  
  20  1:47  Assimilator  
  21  1:53  Probe  
  22  1:57  Adept (Chrono Boost)  
  24  2:05  Probe  
  25  2:12  Stargate  
  25  2:18  Probe  
  25  2:20  Adept  
  28  2:25  Warp Gate  
  28  2:30  Probe  
  28  2:33  Shield Battery  
  29  2:43  Probe (Chrono Boost)  
  31  2:47  Probe (Chrono Boost)  
  31  2:50  Adept  
  33  2:53  Probe (Chrono Boost)  
  33  2:56  Oracle (Chrono Boost), Probe (Chrono Boost)  
  33  2:58  Probe (Chrono Boost)  
  39  3:06  Probe  
  39  3:10  Probe  
  40  3:18  Probe  
  38  3:22  Probe  
  38  3:26  Phoenix  
  40  3:31  Probe  
  41  3:34  Probe  
  41  3:35  Pylon  
  42  3:43  Probe (Chrono Boost)  
  42  3:46  Probe (Chrono Boost)  
  44  3:51  Phoenix (Chrono Boost)  
  47  3:58  Gateway, Probe (Chrono Boost)  
  47  4:00  Gateway  
  47  4:01  Probe (Chrono Boost)  
  48  4:04  Probe (Chrono Boost)  
  48  4:09  Probe  
  50  4:12  Probe  
  50  4:14  Phoenix (Chrono Boost)  
  53  4:17  Pylon  
  53  4:25  Probe  
  54  4:33  Nexus  
  54  4:36  Phoenix (Chrono Boost)  
  56  4:40  Shield Battery  
  56  4:44  Probe  
  56  4:45  Probe  
  58  4:52  Assimilator  
  58  4:53  Assimilator  
  58  4:55  Phoenix  
  58  4:57  Probe  
  58  4:59  Probe  
  62  5:03  Pylon  
  62  5:10  Twilight Council  
  62  5:12  Forge  
  62  5:21  Probe x2, Phoenix (Chrono Boost)  
  62  5:25  Pylon  
  66  5:32  Protoss Ground Armor Level 1 (Chrono Boost)  
  66  5:34  Probe x2  
  68  5:36  Charge (Chrono Boost)  
  68  5:37  Phoenix (Chrono Boost)  
  70  5:46  Probe x2  
  70  5:47  Probe  
  73  5:50  Gateway  
  73  5:54  Gateway  
  73  5:58  Gateway, Probe  
  73  6:02  Gateway  
  74  6:07  Gateway  
  74  6:11  Robotics Facility  
  74  6:16  Templar Archives  
  74  6:20  Probe  
  74  6:21  Probe x2  
  77  6:27  Zealot x2  
  77  6:28  Sentry  
  77  6:32  Probe  
  84  6:33  Probe x2  
  84  6:44  Probe  
  84  6:45  Probe x2  
  84  6:46  Phoenix  
  89  6:52  Pylon  
  89  6:56  Assimilator  
  89  6:57  Assimilator  
  89  6:58  High Templar, Pylon  
  89  7:00  High Templar  
  89  7:01  Photon Cannon  
  93  7:05  Pylon  
  93  7:07  Pylon x2  
  93  7:10  Pylon, Probe x3  
  93  7:15  Zealot x2  
  98  7:19  Archon, Phoenix  
  100  7:23  Protoss Ground Armor Level 2 (Chrono Boost)  
  100  7:37  Zealot x8  
  114  7:44  Phoenix  
  112  7:57  Gateway  
  105  8:02  Zealot x8  
  105  8:04  Probe  
  105  8:05  Probe  
  123  8:09  Phoenix (Chrono Boost)  
  125  8:19  Probe x3  
  118  8:26  Robotics Facility  
  104  8:30  Phoenix (Chrono Boost)  
  96  8:34  Zealot x8  
  110  8:45  Probe x3  
  99  8:50  Phoenix (Chrono Boost)  
  99  8:55  Pylon  
  101  9:07  Pylon  
  101  9:08  Sentry x2, Pylon  
  101  9:09  Sentry  
  109  9:11  Templar Archives  
  109  9:12  Blink  
  109  9:13  Zealot  
  109  9:14  Zealot x5  
  109  9:15  Observer  
  120  9:20  Robotics Bay  
  120  9:24  Pylon  
  120  9:25  Robotics Facility  
  120  9:39  Nexus, Observer, Protoss Ground Weapons Level 1 (Chrono Boost)  
  120  9:41  Pylon  
  121  9:45  Shield Battery  
  121  9:48  Zealot x2  
  121  9:49  Zealot x2  
  126  10:00  Probe  
  126  10:01  Probe x2  
  128  10:09  Colossus (Chrono Boost)  
  134  10:16  Extended Thermal Lance  
  134  10:21  Colossus (Chrono Boost)  
  140  10:27  High Templar x2, Zealot x6  
  156  10:31  Archon  
  152  10:44  Disruptor (Chrono Boost)  
  156  10:53  Zealot, Pylon  
  156  10:54  Zealot x3, Pylon  
  156  10:56  Pylon  
  162  10:59  Pylon  
  162  11:00  Pylon  
  160  11:08  Nexus  
  160  11:11  Disruptor  
  160  11:12  Pylon  
  160  11:16  Phoenix (Chrono Boost)  
  166  11:20  Stalker x3  
  166  11:23  Zealot  
  170  11:39  Zealot x4, Disruptor (Chrono Boost)  
  182  11:46  Disruptor (Chrono Boost)  
  180  11:58  Photon Cannon  
  180  12:00  Shield Battery  
  175  12:03  Stalker x4  
  175  12:06  Disruptor (Chrono Boost)  
  187  12:12  Pylon  
  187  12:16  Disruptor (Chrono Boost)  
  187  12:17  Stalker  
  189  12:29  Assimilator  
  188  12:33  Photon Cannon  
  188  12:35  Disruptor (Chrono Boost)  
  192  12:37  Stalker x3  
  187  12:53  Disruptor (Chrono Boost)  
  173  13:03  Disruptor (Chrono Boost)  
  161  13:08  Zealot  
  161  13:09  Zealot x7  
  177  13:16  Robotics Facility  
  177  13:18  Robotics Facility  
  175  13:22  Disruptor (Chrono Boost)  
  175  13:25  Protoss Ground Weapons Level 2  
  179  13:32  Disruptor  
  177  13:35  Zealot x6  
  177  13:37  Zealot  
  177  14:01  Disruptor (Chrono Boost)  
  159  14:05  Disruptor (Chrono Boost)  
  159  14:06  Disruptor x2 (Chrono Boost)  
  161  14:12  Nexus  
  161  14:14  Zealot x3  
  171  14:23  Stalker x2  
  175  14:29  Sentry  
  175  14:30  Disruptor, Zealot  
  183  14:34  Observer  
  178  14:46  Stalker x3  
  182  15:06  Zealot x5  
  182  15:11  High Templar x2  
  186  15:15  Archon  
  186  15:16  Disruptor  
  186  15:20  Disruptor  
  184  15:39  Disruptor  
  164  15:47  Disruptor (Chrono Boost)  
  131  15:55  Disruptor (Chrono Boost)  
  111  16:10  Disruptor (Chrono Boost)  
  103  16:13  Zealot  
  103  16:14  Zealot x7  
  119  16:21  Colossus (Chrono Boost)  
  125  16:28  Colossus (Chrono Boost)  
  131  16:34  Observer (Chrono Boost)  
  132  16:41  Nexus  
  132  16:48  Sentry x2  
  136  16:57  Probe  
  136  17:03  Stalker x4  
  136  17:04  Stalker  
  138  17:23  Colossus (Chrono Boost)  
  138  17:29  Zealot x6  
  150  17:30  Zealot  
  150  17:34  Stalker  
  150  17:35  Disruptor (Chrono Boost)  
  154  17:50  Zealot x4  
  156  17:56  Pylon  
  160  17:59  Disruptor (Chrono Boost)  
  160  18:07  Immortal (Chrono Boost)  
  160  18:08  Immortal (Chrono Boost)  
  166  18:25  Stalker x5  
  122  19:06  Zealot x8  
Tags
 
Add a new tag
Caveats
  • Supply blocks, unpowered buildings, or Contaminate may cause inaccurate times.
  • Supply counts are checked every 10 seconds.